 Dungeon Crawl Stone Soup version 0.21.1-1-g345015f (webtiles) character file.

9 jamsan the Grasshopper (level 2, 0/14 HPs)
             Began as a Spriggan Warper on June 8, 2018.
             Slain by a hobgoblin
             ... wielding a +0 club
              (5 damage)
             ... on level 1 of the Dungeon.
             The game lasted 00:07:27 (350 turns).

jamsan the Grasshopper (Spriggan Warper)             Turns: 350, Time: 00:07:27

Health: 0/14       AC:  2    Str:  7    XL:     2   Next: 6%
Magic:  7/7        EV: 19    Int: 14    God:
Gold:   0          SH:  0    Dex: 15    Spells: 3/7 levels left

rFire    . . .     SeeInvis +   a - +0 short sword
rCold    . . .     Gourm    .   (shield restricted)
rNeg     . . .     Faith    .   b - +0 robe
rPois    .         Spirit   .   g - +0 hat
rElec    .         Reflect  .   (no cloak)
rCorr    .         Harm     .   (gloves unavailable)
MR       .....                  (boots unavailable)
Stlth    ++........             (no amulet)
HPRegen  0.04/turn              (no ring)
MPRegen  0.10/turn              (no ring)

@: very quick
A: very small, unfitting armour, see invisible, herbivore, speed 3, slow
metabolism 2
a: no special abilities


You were on level 1 of the Dungeon.
You were not hungry.

You visited 1 branch of the dungeon, and saw 1 of its levels.

Inventory:

Hand Weapons
 a - a +0 short sword (weapon)
Armour
 b - a +0 robe (worn)
 g - a +0 hat (worn)
Scrolls
 d - a scroll of blinking
Potions
 e - a potion of flight {unknown}
Books
 c - a book of Spatial Translocations

   Spells                             Type                      Level
   a - Blink                          Translocation                2
   b - Shroud of Golubria             Charms/Translocation         2
   c - Lesser Beckoning               Translocation                3
   d - Gell's Gravitas                Translocation                3
   e - Teleport Other                 Translocation                3
   f - Passage of Golubria            Translocation                4
Comestibles
 f - a ration


   Skills:
 - Level 1.5 Fighting
 - Level 2.1 Short Blades
 - Level 1.0 Throwing
 + Level 4.0 Dodging
 * Level 1.4 Stealth
 + Level 3.0 Spellcasting
 + Level 4.4 Translocations


You had 3 spell levels left.
You knew the following spells:

 Your Spells              Type           Power        Failure   Level  Hunger
a - Blink                 Tloc           N/A          5%          2    ##.....
b - Shroud of Golubria    Chrm/Tloc      #.........   13%         2    ##.....


Dungeon Overview and Level Annotations

Branches:
Dungeon (1/15)

Altars:


Innate Abilities, Weirdness & Mutations

You are very small and have problems with some larger weapons.
You are too small for most types of armour.
You have supernaturally acute eyesight. (SInv)
You are a herbivore.
You cover ground extremely quickly.
You need consume almost no food.


Message History

The hobgoblin hits you with a club.
You completely miss the hobgoblin.
The hobgoblin is heavily wounded.
The hobgoblin barely misses you.
You hit the hobgoblin but do no damage.
The hobgoblin is heavily wounded.
The hobgoblin hits you with a club.
* * * LOW HITPOINT WARNING * * *
Sorry, you're not good enough to have a special ability.
Press: ? - help, v - describe, . - travel A rock wall.
The hobgoblin closely misses you.
You start resting.
You hit the hobgoblin.
The hobgoblin is almost dead.
The hobgoblin misses you.
You closely miss the hobgoblin.
The hobgoblin is almost dead.
The hobgoblin hits you with a club.
You die...

##......P....#..##..##......
....≈♣...♣......###........#
...≈≈♣.≈..♣....†..........
...≈≈≈≈♣≈P..P##...........
P...≈≈≈≈≈≈...####........
#P♣..≈♣≈≈≈....####...(...
##♣..≈≈≈≈♣..#............
#P...P...######g..#....
##..#.##.# #@..##.#..
#..#.##..# #.........
#.#..###.# #.#.......
##...## .# ##.#....#..
##...## .#.......### .
##..### ##...#....##
#...#####.!...#...##
#..###......b.#..##
.....#.##.......


You could see a hobgoblin.

Vanquished Creatures
  A dart slug (D:1)
  A leopard gecko (D:1)
  A giant cockroach (D:1)
  A hobgoblin (D:1)
  A frilled lizard (D:1)
  2 rats (D:1)
7 creatures vanquished.

Notes
Turn   | Place    | Note
-------+----------+-------------------------------------------
     0 | D:1      | jamsan the Spriggan Warper began the quest for the Orb.
     0 | D:1      | Reached XP level 1. HP: 10/10 MP: 5/5
    45 | D:1      | Reached skill level 1 in Stealth
   118 | D:1      | Reached XP level 2. HP: 14/14 MP: 7/7
   281 | D:1      | Learned a level 2 spell: Blink
   284 | D:1      | Learned a level 2 spell: Shroud of Golubria
   350 | D:1      | Slain by a hobgoblin

Skill      XL: |  1 |
---------------+----+-----
Stealth        | 1 |  1.4
Dodging        | 4 |  4.0
Spellcasting   | 3 |  3.0
Fighting       | |  1.5
Short Blades   | |  2.1
Throwing       | |  1.0
Translocations | |  4.4

Action                   || total
-------------------------++-------
Melee: Short sword       ||    49
Throw: Tomahawk          ||     5
Armor: Robe              ||     3
Dodge: Dodged            ||    36
